 Dungeon Crawl Stone Soup version 0.29-a0-364-g921d912 (webtiles) character file.

Game seed: 8985875266355150772

203 lyrin the Shooter (level 5, 0/42 HPs)
             Began as a Demigod Arcane Marksman on Apr 30, 2022.
             Slain by Menkaure (13 damage)
             ... on level 5 of the Dungeon.
             The game lasted 00:06:23 (4418 turns).

lyrin the Shooter (Demigod Arcane Marksman)         Turns: 4418, Time: 00:06:23

Health: 0/42       AC:  3    Str: 11    XL:     5   Next: 26%
Magic:  3/9        EV: 27    Int: 19    God:
Gold:   336        SH:  0    Dex: 14    Spells: 2/6 levels left

rFire   . . .      SeeInvis .   a - +0 shortbow
rCold   . . .      Faith    .   (shield currently unavailable)
rNeg    . . .      Spirit   .   b - +0 robe
rPois   .          Reflect  .   (no helmet)
rElec   .          Harm     .   (no cloak)
rCorr   .          Rampage  .   (no gloves)
Will    .....                   s - +0 pair of boots
Stlth   +.........              l - amulet of the acrobat
HPRegen 0.14/turn               (no ring)
MPRegen 0.11/turn               (no ring)

@: acrobatic, very slightly contaminated
A: high MP 1, forlorn, divine attributes
a: no special abilities


You were on level 5 of the Dungeon.
You visited 1 branch of the dungeon, and saw 5 of its levels.

You collected 336 gold pieces.

Inventory:

Hand Weapons
 a - a +0 shortbow (weapon)
Missiles
 g - 3 poisoned darts
Armour
 b - a +0 robe (worn)
 s - a +0 pair of boots (worn)
Jewellery
 l - an amulet of the acrobat (around neck)
Wands
 n - a wand of polymorph (8)
Scrolls
 c - 4 scrolls of vulnerability
 d - a scroll of summoning {unknown}
 e - 3 scrolls of identify {unknown}
 i - a scroll of fear {unknown}
 j - a scroll of blinking {unknown}
 k - 2 scrolls of teleportation {unknown}
 p - a scroll of immolation {unknown}
 q - a scroll of enchant armour {unknown}
 v - a scroll of amnesia {unknown}
Potions
 f - 2 potions of might {unknown}
 h - 2 potions of curing {unknown}
 m - a potion of heal wounds {unknown}
 o - a potion of haste {unknown}
 r - 2 potions of berserk rage {unknown}
 t - a potion of brilliance {unknown}
 u - a potion of attraction {unknown}


   Skills:
 + Level 2.7 Fighting
 - Level 2.9 Bows
 + Level 2.8 Dodging
 + Level 1.3 Spellcasting
 * Level 2.0 Conjurations
 - Level 2.6 Hexes


You had 2 spell levels left.
You knew the following spells:

 Your Spells              Type           Power      Damage    Failure   Level
a - Searing Ray           Conj           18%        2d5       12%         2
b - Magic Dart            Conj           36%        1d4       8%          1
c - Slow                  Hex            44%        N/A       6%          1

Your spell library contained the following spells:

 Spells                   Type           Power      Damage    Failure   Level
 Blink                    Tloc           2%         N/A       26%         2
 Inner Flame              Hex/Fire       6%         N/A       30%         3
 Portal Projectile        Hex/Tloc       12%        N/A       30%         3
 Lesser Beckoning         Tloc           1%         N/A       47%         3
 Cause Fear               Hex            5%         N/A       52%         4
 Fulminant Prism          Conj/Hex       5%         3d7       56%         4
 Manifold Assault         Tloc           1%         N/A       99%         5


Dungeon Overview and Level Annotations

Branches:
Dungeon (5/15)
 Temple: D:4-7

Shops:
D:1 [

Annotations:
D:5 Menkaure


Innate Abilities, Weirdness & Mutations

You have an increased reservoir of magic. (+10% MP)
You shall have no god before yourself.
Your divine heritage dramatically boosts your attributes as you level up.


Message History

There is an open door here.
There is a stone staircase leading down here.
You climb downwards.
Found 21 gold pieces.
There is a stone staircase leading up here.
Found a stone staircase leading up.
You now have 317 gold pieces (gained 9).
Found an escape hatch in the ceiling.
You now have 336 gold pieces (gained 19).
Menkaure, Prince of Dust comes into view.
Menkaure shouts!
Menkaure casts a spell.
Menkaure seems to speed up.
Casting: Searing Ray (safe; 12% risk of failure)
Confirm with . or Enter, or press ? or * to list all spells.
Aiming: Searing Ray (safe; 12% risk of failure)
Press: ? - help, Shift-Dir - straight line, f - Menkaure
Aim: Menkaure (fast, 89% to hit)
You miscast Searing Ray.
You are very lightly contaminated with residual magic.
Nothing appears to happen.
Unknown command.
Casting: Searing Ray (safe; 12% risk of failure)
Confirm with . or Enter, or press ? or * to list all spells.
Aiming: Searing Ray (safe; 12% risk of failure)
Press: ? - help, Shift-Dir - straight line, f/p - Menkaure
Aim: Menkaure (fast, 89% to hit)
The searing ray hits Menkaure.
Menkaure is lightly damaged. (Press . to maintain the ray.) Unknown command.
The searing ray hits Menkaure!
Menkaure is heavily damaged.
Menkaure hits you!! Menkaure casts a spell at you.
Pain shoots through your body!
The searing ray hits Menkaure.
Menkaure is heavily damaged.
Menkaure hits you!
You die...

. ...........
+#.###.#.#.##...
................
.........#.##.#
.........#.##.# .
...........##.#####..
......#..#.##........
.........M...........
..........@..........
.#.#.........######.#
#.#..#..#.#.######
....#...........#
....#..#.#.####.#
...........#
..........##
..#..#.#..# #..#.#..#


You could see Menkaure (fast).

Vanquished Creatures
  A jelly (D:4)
  2 iguanas (D:4)
  4 adders
  2 ufetubi (D:4)
  4 dart slugs
  7 endoplasms
  4 giant cockroaches (D:3)
  10 goblins
  6 hobgoblins
  8 kobolds
  2 quokkas (D:1)
  4 ball pythons
  7 bats
  4 frilled lizards
  6 rats
71 creatures vanquished.

Notes
Turn   | Place    | Note
-------+----------+-------------------------------------------
     0 | D:1      | lyrin the Demigod Arcane Marksman began the quest for the
                  | Orb.
     0 | D:1      | Reached XP level 1. HP: 15/15 MP: 4/4
    74 | D:1      | Found Dofid's Armour Shoppe.
   266 | D:1      | Reached skill level 1 in Fighting
   327 | D:1      | Reached XP level 2. HP: 15/23 MP: 5/5
  1172 | D:3      | Learned a level 1 spell: Magic Dart
  1318 | D:3      | Reached XP level 3. HP: 7/28 MP: 4/6
  2277 | D:2      | Reached skill level 1 in Conjurations
  2698 | D:2      | Reached XP level 4. HP: 17/36 MP: 8/8
  3361 | D:3      | Learned a level 2 spell: Searing Ray
  3758 | D:4      | Reached XP level 5. HP: 42/42 MP: 6/9
  4374 | D:5      | Entered Level 5 of the Dungeon
  4408 | D:5      | Noticed Menkaure
  4418 | D:5      | Slain by Menkaure

Illustrated notes

Levels and vault maps discovered:
D:1:      dpeg_arrival_short_road, layout_basic, serial_shops, shop
D:2:      layout_loops_ring, shapermc_ecumenical_altar_notcrosses,
          minmay_pentomino_u2
D:3:      layout_basic
D:4:      layout_gridville
D:5:      layout_basic, minmay_temple_entry_statues_fountains, serial_shops,
          shop, nicolae_shop_behind_doors, uniq_menkaure

Skill      XL: |  1  2  3  4  5 |
---------------+----------------+-----
Bows           | 2 |  2.9
Fighting       | 1 2 |  2.7
Dodging        | 2 |  2.8
Conjurations   | 1 2 |  2.0
Spellcasting   | |  1.3
Hexes          | |  2.6

Action                   |  1- 3 |  4- 6 || total
-------------------------+-------+-------++-------
 Fire: Shortbow          |   143 |    31 ||   174
 Cast: Slow              |     5 |       ||     5
       Searing Ray       |       |    15 ||    15
  Use: Potion            |     2 |       ||     2
Armor: Robe              |    24 |     1 ||    25
       Skin              |     4 |       ||     4
Dodge: Dodged            |    67 |    22 ||    89

Table legend: (Time is in decaauts)
 A = Elapsed time spent in this place.
 B = Non-inter-level travel time spent in this place.
 C = Inter-level travel time spent in this place.
 D = Time resting spent in this place.
 E = Time spent auto-exploring this place.
 F = Levels seen in this place.
 G = Mean time per level.
                   A        B        C        D        E       F      G
               +--------+--------+--------+--------+--------+-----+--------+
         Total |   4482 |   4295 |    187 |    451 |   3238 |   5 |  896.4 |
       Dungeon |   4482 |   4295 |    187 |    451 |   3238 |   5 |  896.4 |
               +--------+--------+--------+--------+--------+-----+--------+

Top non-repeatable levels by time:
     D:3: 1571 daAuts
     D:4: 1013 daAuts
     D:2: 980 daAuts
     D:1: 872 daAuts
     D:5: 43 daAuts
